 Dungeon Crawl Stone Soup version 0.20.2 (webtiles) character file.

8591 Alfie the Archer (level 11, -6/99 HPs)
             Began as a Minotaur Hunter on Apr 24, 2020.
             Mangled by a two-headed ogre
             ... wielding a +0 giant club
              (18 damage)
             ... on level 11 of the Dungeon.
             The game lasted 00:35:40 (7646 turns).

Alfie the Archer (Minotaur Hunter)                  Turns: 7646, Time: 00:35:41

Health: -6/99      AC: 14    Str: 23    XL:     11   Next: 11%
Magic:  10/10      EV: 13    Int:  8    God:
Gold:   501        SH:  0    Dex: 11    Spells: 10/10 levels left

rFire    + . .     SeeInvis .   a - +3 shortbow
rCold    . . .     Gourm    .   (shield currently unavailable)
rNeg     . . .     Faith    .   s - +2 ring mail {rC+}
rPois    .         Spirit   .   (helmet restricted)
rElec    .         Reflect  .   w - +0 cloak
rCorr    +         Harm     .   E - +0 pair of gloves
MR       .....                  n - +2 pair of boots
Stlth    +.........             (no amulet)
Regen    0.3/turn               m - ring of resist corrosion
MPRegen  0.2/turn               g - ring "Rotwof" {Fire Str+3}

@: no status effects
A: retaliatory headbutt, horns 2
a: no special abilities


You were on level 11 of the Dungeon.
You were not hungry.

You visited 1 branch of the dungeon, and saw 11 of its levels.

You collected 669 gold pieces.
You spent 168 gold pieces at shops.

Inventory:

Hand Weapons
 a - a +3 shortbow (weapon)
 b - a +3 short sword
Missiles
 d - 111 arrows (quivered)
 I - 8 tomahawks
Armour
 n - a +2 pair of boots (worn)
 s - a +2 ring mail of cold resistance (worn)
 w - a +0 cloak (worn)
 E - a +0 pair of gloves (worn)
Jewellery
 g - the ring "Rotwof" (right hand) {Fire Str+3}
   (You acquired it on level 7 of the Dungeon)

   [ring of fire]

   It enhances your fire magic.
   It affects your strength (+3).
   It protects you from fire.
   It makes you vulnerable to cold.
 m - a ring of resist corrosion (left hand)
 J - an uncursed ring of ice {unknown}
 K - a +5 ring of protection {unknown}
Wands
 l - a wand of confusion (37/48)
 o - a wand of polymorph (17/24)
Scrolls
 e - 4 scrolls of teleportation
 h - 3 scrolls of fog
 j - a scroll of magic mapping
 u - a scroll of recharging
 y - a scroll of amnesia
 B - 2 scrolls of blinking
 D - a scroll of remove curse
Potions
 f - a potion of cancellation
 i - a potion of magic
 k - a potion of invisibility {unknown}
 q - a potion of degeneration {unknown}
 t - a potion of flight {unknown}
 v - 3 potions of resistance
 x - 3 potions of might {unknown}
 z - a potion of mutation {unknown}
 A - 2 potions of brilliance {unknown}
 F - a potion of haste {unknown}
 G - a potion of lignification {unknown}
 H - 2 potions of agility {unknown}
Comestibles
 c - 6 bread rations
 r - a meat ration
 C - 2 fruits


   Skills:
 + Level 10.0 Fighting
 + Level 4.5 Short Blades
 + Level 13.7 Bows
 + Level 7.0 Armour
 + Level 4.9 Dodging
 + Level 2.4 Stealth
 + Level 0.1 Evocations


You had 10 spell levels left.
You didn't know any spells.

Dungeon Overview and Level Annotations

Branches:
Dungeon (11/15)            Temple (0/1) D:6
   Lair: D:8-11         Orc: D:9-12

Altars:
Sif Muna
Xom
Yredelemnul

Shops:
D:4 [


Innate Abilities, Weirdness & Mutations

You reflexively headbutt those who attack you in melee.
You have a pair of horns on your head.


Message History

Aim: a bullfrog (moderately wounded)
You shoot an arrow.
The arrow completely misses the two-headed ogre.
The arrow hits the bullfrog!!
You kill the bullfrog!
Firing (i - inventory. (,) - cycle):
d - 113 arrows (quivered)
Press: ? - help, Shift-Dir - straight line, f - two-headed ogre
Aim: a two-headed ogre, wielding a giant club and a great mace (severely wounded)
You shoot an arrow.
The arrow barely misses the two-headed ogre.
The arrow hits the black bear!
The black bear is almost dead.
Firing (i - inventory. (,) - cycle):
d - 112 arrows (quivered)
Press: ? - help, Shift-Dir - straight line, f/p - two-headed ogre
Aim: a two-headed ogre, wielding a giant club and a great mace (severely wounded)
You shoot an arrow. The arrow hits the two-headed ogre.
The two-headed ogre is almost dead.
The two-headed ogre barely misses you.
The two-headed ogre hits you with a great mace!!
You die...

.. ... .(. .# .... ...
.. ..... ..###' .......
###(#.. ......... ..)..
......##'## .h.
......#....#+###O######
......#.........@.....#
......####............#
#####....#........#####
....'....#........#
....#....#.....####.
....#....###'###....
....#...............
....#....##'####....
....#....+.....# ..


You could see a two-headed ogre and a black bear.

Vanquished Creatures
  A two-headed ogre (D:10)
  The ghost of Alfie the Archer, a novice MiHu (D:7)
  An ugly thing (D:11)
  The ghost of Alfie the Archer, a novice MiHu (D:6)
  Prince Ribbit (D:7)
  Grinder (D:5)
  A hornet (D:8)
  A spriggan (D:10)
  A yak (D:10)
  A vampire (D:8)
  A steam dragon (D:11)
  2 hungry ghosts
  Menkaure (D:7)
  A soldier ant (D:11)
  2 black bears
  2 porcupines (D:11)
  An orc warrior (D:9)
  A phantom (D:8)
  2 ice beasts
  5 sky beasts
  A necrophage (D:10)
  2 eyes of draining (D:9)
  7 centaurs
  5 ogres
  A big kobold (D:8)
  6 bullfrogs
  5 scorpions
  8 killer bees (D:8)
  An electric eel (D:10)
  3 howler monkeys
  2 bullfrog zombies
  3 centaur zombies
  3 quasits
  2 crimson imps
  2 hounds
  3 bullfrog skeletons
  2 jellies (D:7)
  7 orc wizards
  7 orc priests
  An iguana (D:8)
  9 worker ants
  A howler monkey skeleton (D:9)
  9 adders
  13 gnolls
  An ooze (D:3)
  An adder skeleton (D:9)
  6 worms
  2 dart slugs
  A leopard gecko (D:11)
  21 orcs
  2 bats (D:1)
  4 giant cockroaches
  5 goblins
  7 hobgoblins
  10 jackals
  8 quokkas
  4 ball pythons
  4 frilled lizards
  15 kobolds
  A quokka zombie (D:5)
  6 rats
229 creatures vanquished.

Vanquished Creatures (others)
  11 fungi (D:11)
11 creatures vanquished.

Grand Total: 240 creatures vanquished

Notes
Turn   | Place    | Note
-------+----------+-------------------------------------------
     0 | D:1      | Alfie the Minotaur Hunter began the quest for the Orb.
     0 | D:1      | Reached XP level 1. HP: 18/18 MP: 0/0
   154 | D:1      | Reached XP level 2. HP: 25/25 MP: 1/1
   266 | D:1      | Reached skill level 5 in Bows
   642 | D:2      | Reached XP level 3. HP: 13/30 MP: 2/2
   947 | D:2      | Reached XP level 4. HP: 25/37 MP: 3/3
  1205 | D:3      | Reached skill level 6 in Bows
  1341 | D:3      | Reached skill level 1 in Armour
  1865 | D:4      | Reached skill level 1 in Short Blades
  1865 | D:4      | Reached skill level 1 in Stealth
  1865 | D:4      | Reached XP level 5. HP: 45/45 MP: 4/4
  2325 | D:4      | Noticed an ogre
  2338 | D:4      | Killed an ogre
  2338 | D:4      | Reached XP level 6. HP: 41/52 MP: 5/5
  2356 | D:4      | Reached skill level 7 in Bows
  2537 | D:4      | Found Gynnezirr's Antique Armour Shop.
  2541 | D:4      | Bought a runed ring mail for 168 gold pieces
  2566 | D:4      | Found a deep blue altar of Sif Muna.
  2625 | D:5      | Entered Level 5 of the Dungeon
  2626 | D:5      | Noticed Grinder
  2648 | D:5      | Paralysed by Grinder for 2 turns
  2656 | D:5      | Killed Grinder
  2656 | D:5      | Reached XP level 7. HP: 32/59 MP: 6/6
  2916 | D:5      | Reached skill level 8 in Bows
  3032 | D:5      | Found a basalt altar of Yredelemnul.
  3486 | D:6      | Noticed Alfie's ghost (novice MiHu)
  3505 | D:6      | Killed Alfie's ghost
  3505 | D:6      | Reached skill level 5 in Fighting
  3505 | D:6      | Reached skill level 9 in Bows
  3505 | D:6      | Reached XP level 8. HP: 28/68 MP: 7/7
  3585 | D:6      | Found a shimmering altar of Xom.
  3616 | D:6      | Found a staircase to the Ecumenical Temple.
  3852 | D:6      | Reached skill level 5 in Armour
  4108 | D:7      | Noticed Alfie's ghost (novice MiHu)
  4127 | D:7      | Killed Alfie's ghost
  4127 | D:7      | Reached skill level 10 in Bows
  4127 | D:7      | Reached XP level 9. HP: 51/78 MP: 8/8
  4339 | D:7      | Noticed Menkaure
  4352 | D:7      | Killed Menkaure
  4368 | D:7      | Identified a scroll of acquirement
  4371 | D:7      | Got a scintillating copper ring
  4469 | D:7      | Noticed Prince Ribbit
  4492 | D:7      | Killed Prince Ribbit
  4496 | D:7      | Reached skill level 11 in Bows
  5013 | D:8      | Reached XP level 10. HP: 87/88 MP: 9/9
  5229 | D:8      | Identified the ring "Rotwof" {Fire Str+3} (You acquired it on level 7 of the Dungeon)
  5289 | D:8      | Reached skill level 12 in Bows
  6364 | D:10     | Entered Level 10 of the Dungeon
  6810 | D:10     | Noticed a two-headed ogre
  6824 | D:10     | Killed a two-headed ogre
  6824 | D:10     | Reached skill level 13 in Bows
  7470 | D:11     | Reached XP level 11. HP: 55/99 MP: 10/10
  7607 | D:11     | Noticed a cyan ugly thing
  7625 | D:11     | Noticed a two-headed ogre
  7630 | D:11     | HP: 3/99 [cyan ugly thing (16)]
  7637 | D:11     | Killed a cyan ugly thing
  7637 | D:11     | Reached skill level 10 in Fighting
  7646 | D:11     | Mangled by a two-headed ogre

Skill      XL: |  1  2  3  4  5  6  7  8  9 10 11 |
---------------+----------------------------------+-----
Bows           | 5 6 7 9 10 11 13 | 13.7
Fighting       | 3 4 5 6 7 9 10 | 10.0
Armour         | 1 2 4 5 6 7 |  7.0
Short Blades   | 1 2 3 4 |  4.5
Stealth        | 1 2 |  2.4
Dodging        | 3 4 |  4.9
Evocations     | |  0.1

Action                   |  1- 3 |  4- 6 |  7- 9 | 10-12 || total
-------------------------+-------+-------+-------+-------++-------
Melee: Short sword       |     4 |    44 |    59 |    74 ||   181
       Headbutt          |       |     9 |    13 |    18 ||    40
 Fire: Shortbow          |    91 |    85 |   280 |   318 ||   774
Evoke: Wand              |     1 |     1 |       |       ||     2
  Use: Scroll            |     7 |     4 |     9 |     3 ||    23
       Potion            |       |     2 |     3 |     6 ||    11
  Eat: Bread ration      |       |     1 |     1 |     1 ||     3
       Fruit             |       |     1 |     2 |       ||     3
       Royal jelly       |       |       |     1 |     2 ||     3
       Meat ration       |       |       |       |     1 ||     1
Armor: Leather armour    |     7 |     7 |       |       ||    14
       Ring mail         |       |     5 |    68 |    88 ||   161
Dodge: Dodged            |    15 |    44 |    87 |   122 ||   268
